 Dungeon Crawl Stone Soup version 0.23.2-40-g277498a001 (webtiles) character file.

Game seed: 11947704334361212275

303 MalarOregon the Ducker (level 6, -7/48 HPs)
             Began as a Merfolk Skald on Aug 13, 2019.
             Mangled by an ice beast (14 damage)
             ... on level 3 of the Dungeon.
             The game lasted 00:09:11 (4646 turns).

MalarOregon the Ducker (Merfolk Skald)              Turns: 4646, Time: 00:09:12

Health: -7/48      AC:  8    Str: 13    XL:     6   Next: 38%
Magic:  9/9        EV: 10    Int: 13    God:
Gold:   177        SH:  4    Dex: 13    Spells: 8/9 levels left

rFire    . . .     SeeInvis .   d - +2 dagger (drain)
rCold    . . .     Gourm    .   b - +0 buckler
rNeg     . . .     Faith    .   m - +1 scale mail
rPois    .         Spirit   .   (no helmet)
rElec    .         Reflect  .   (no cloak)
rCorr    .         Harm     .   j - +0 pair of gloves
MR       +....                  (no boots)
Stlth    ..........             (no amulet)
HPRegen  0.16/turn              l - ring of protection from magic
MPRegen  0.11/turn              (no ring)

@: lightly drained
A: change form in water, swift swim, stealthy swim
a: no special abilities


You were on level 3 of the Dungeon.
You were not hungry.

You visited 1 branch of the dungeon, and saw 4 of its levels.

You collected 177 gold pieces.

Inventory:

Hand Weapons
 a - a +1 falchion
 d - a +2 dagger of draining (weapon)
   (You took it off a goblin on level 1 of the Dungeon)
Missiles
 o - a throwing net (quivered) {!f}
Armour
 b - a +0 buckler (worn)
   (You found it on level 1 of the Dungeon)
 j - a +0 pair of gloves (worn)
   (You found it on level 1 of the Dungeon)
 m - a +1 scale mail (worn)
   (You found it on level 1 of the Dungeon)
Jewellery
 h - an uncursed ring of resist corrosion {unknown}
   (You found it on level 2 of the Dungeon)
 l - a ring of protection from magic (left hand)
   (You found it on level 1 of the Dungeon)
Scrolls
 c - 3 scrolls of teleportation {@r4}
 f - a scroll of fear
 q - a scroll of blinking
Potions
 i - 5 potions of curing {@q1}
 k - a potion of heal wounds {unknown}
 n - a potion of flight
Comestibles
 e - 6 rations {!d}
 g - a chunk of flesh


   Skills:
 + Level 3.8(3.4) Fighting
 + Level 3.7(3.3) Long Blades
 + Level 2.0(1.7) Armour
 + Level 4.5(4.1) Dodging
 + Level 2.2(1.9) Shields
 - Level 2.0(1.6) Spellcasting
 - Level 3.2(2.9) Charms


You had 8 spell levels left.
You knew the following spells:

 Your Spells              Type           Power        Failure   Level  Hunger
a - Infusion              Chrm           #...         43%         1    ##.....

Your spell library contained the following spells:

 Spells                   Type           Power        Failure   Level  Hunger
 Song of Slaying          Chrm           #.......     58%         2    ###....
 Shroud of Golubria       Chrm/Tloc      #.........   80%         2    ###....
 Regeneration             Chrm/Necr      #.........   95%         3    ####...
 Spectral Weapon          Hex/Chrm       #.......     95%         3    ####...


Dungeon Overview and Level Annotations

Branches:
Dungeon (4/15)
 Temple: D:4-7

Altars:
Sif Muna
Uskayaw
Vehumet


Message History

The ice beast hits you but does no damage.
You slash the ice beast!
The ice beast hits you but does no damage.
You completely miss the ice beast.
The ice beast hits you but does no damage.
You hit the ice beast but do no damage. The ice beast closely misses you.
You closely miss the ice beast.
The ice beast hits you but does no damage. x2
You hit the ice beast but do no damage.
The ice beast hits you but does no damage.
You barely miss the ice beast. You block the ice beast's attack.
You closely miss the ice beast. The ice beast closely misses you.
You barely miss the ice beast. The ice beast closely misses you.
You riposte.
You hit the ice beast but do no damage. You hit the ice beast.
The ice beast barely misses you.
You riposte.
You closely miss the ice beast. You barely miss the ice beast.
The ice beast hits you but does no damage.
You hit the ice beast.
The ice beast hits you but does no damage.
The ice beast hits you. The ice beast freezes you!
You hit the ice beast but do no damage.
The ice beast hits you but does no damage.
You hit the ice beast.
The ice beast hits you but does no damage.
You hit the ice beast.
The ice beast hits you but does no damage.
You hit the ice beast. The ice beast hits you. The ice beast freezes you!
* * * LOW HITPOINT WARNING * * *
You hit the ice beast. The ice beast hits you.
* * * LOW HITPOINT WARNING * * *
The ice beast freezes you!
* * * LOW HITPOINT WARNING * * *
You completely miss the ice beast. The ice beast closely misses you.
You closely miss the ice beast. The ice beast closely misses you.
You hit the ice beast.
The ice beast hits you but does no damage. x2
You hit the ice beast.
The ice beast hits you but does no damage.
You barely miss the ice beast.
The ice beast hits you but does no damage.
You closely miss the ice beast.
The ice beast hits you but does no damage.
Wield which item (- for none, * to show all)? (? for menu, Esc to quit)
You sense an unholy aura.
d - a +2 dagger of draining (weapon)
The ice beast hits you.
* * * LOW HITPOINT WARNING * * *
The ice beast freezes you!
You die...

#.# #.# ############
#.################
...........#
#.................
##########.#
#..#####.######... #
#...##.## #..# #.# ####
# #.......####..# #.# #
#...##......Y.#####.# #
##.####.####@###....# #
#.#
#.####.###.######### #
#.#
#..................####
# #.#
##.........#####.......
# #.# ##...##.#####
#...#### #
####.###.....#.# #####
# # #...).#........# #
###..............# #
........#.......## #


You could see an ice beast.

Vanquished Creatures
  An orc warrior (D:2)
  An orc wizard (D:3)
  6 adders
  4 gnolls (D:2)
  An ooze (D:2)
  4 worms
  3 dart slugs
  A leopard gecko (D:2)
  4 orcs (D:3)
  A giant cockroach (D:2)
  5 goblins
  11 hobgoblins
  4 jackals
  5 kobolds
  A quokka (D:2)
  11 bats
  2 frilled lizards
  A quokka skeleton (D:4)
  12 rats
  3 bushes (D:2)
  A plant (D:2)
82 creatures vanquished.

Notes
Turn   | Place    | Note
-------+----------+-------------------------------------------
     0 | D:1      | MalarOregon the Merfolk Skald began the quest for the Orb.
     0 | D:1      | Reached XP level 1. HP: 16/16 MP: 3/3
   249 | D:1      | Reached XP level 2. HP: 17/23 MP: 5/5
   250 | D:1      | Reached skill level 3 in Dodging
   378 | D:1      | Reached skill level 1 in Armour
   552 | D:1      | HP: 1/23 [goblin/+2 dagger of draining (1)]
  1615 | D:2      | Reached XP level 3. HP: 17/28 MP: 6/6
  1886 | D:2      | Reached skill level 1 in Shields
  1886 | D:2      | Reached XP level 4. HP: 27/34 MP: 7/7
  2307 | D:2      | Found a hide-covered altar of Uskayaw.
  2318 | D:2      | Found a deep blue altar of Sif Muna.
  2440 | D:2      | Found a radiant altar of Vehumet.
  2738 | D:2      | Reached XP level 5. HP: 34/41 MP: 8/8
  3640 | D:3      | Reached skill level 4 in Dodging
  3675 | D:3      | Noticed an orc warrior
  3912 | D:2      | Killed an orc warrior
  3912 | D:2      | Reached XP level 6. HP: 26/48 MP: 9/9
  4612 | D:4      | Noticed an ice beast
  4646 | D:3      | Mangled by an ice beast

Skill      XL: |  1  2  3  4  5 |
---------------+----------------+-----
Dodging        | 3 4 |  4.5
Armour         | 1 2 |  2.0
Shields        | 1 2 |  2.2
Fighting       | 3 |  3.8
Long Blades    | 3 |  3.7
Spellcasting   | |  2.0
Charms         | |  3.2

Action                   |  1- 3 |  4- 6 || total
-------------------------+-------+-------++-------
Melee: Falchion          |   123 |   817 ||   940
       Dagger            |       |    22 ||    22
  Use: Scroll            |     5 |     6 ||    11
  Eat: Chunk             |     3 |     8 ||    11
       Ration            |       |     1 ||     1
Armor: Leather armour    |    17 |       ||    17
       Scale mail        |    50 |   122 ||   172
Dodge: Dodged            |    86 |   110 ||   196
Block: Buckler           |    13 |    45 ||    58
       Rpst.: Falchion   |    32 |    39 ||    71
